 Dungeon Crawl Stone Soup version 0.27-a0-1149-g4505690ab0 (console) character file.

Game seed: 7538013122000501298

30 jejorda2 the Poker (level 3, -6/45 HPs)
             Began as a Merfolk Berserker on May 14, 2021.
             Was a Follower of Trog.
             Mangled by a gnoll
             ... wielding a +0 halberd
              (7 damage)
             ... on level 2 of the Dungeon.
             The game lasted 00:01:51 (864 turns).

jejorda2 the Poker (Merfolk Berserker)               Turns: 864, Time: 00:01:52

Health: -6/45      AC:  5    Str: 18    XL:     3   Next: 20%
Magic:  3/3        EV: 11    Int:  6    God:    Trog [*.....]
Gold:   79         SH:  0    Dex: 13    Spells: 2/2 levels left

rFire    . . .     SeeInvis .   a - +0 glaive
rCold    . . .     Faith    .   (shield currently unavailable)
rNeg     . . .     Spirit   .   d - +0 ring mail
rPois    .         Reflect  .   (no helmet)
rElec    .         Harm     .   (no cloak)
rCorr    .         Rampage  .   (no gloves)
Will     .....                  (no boots)
Stlth    ..........             (no amulet)
HPRegen  0.15/turn              (no ring)
MPRegen  0.08/turn              (no ring)

@: berserking (expiring), very quick
A: (nimble swimmer 2), mertail
a: Renounce Religion, Berserk


You were on level 2 of the Dungeon.
You worshipped Trog.
Trog was aware of your devotion.
You visited 1 branch of the dungeon, and saw 2 of its levels.

You collected 79 gold pieces.

Inventory:

Hand Weapons
 a - a +0 glaive (weapon)
 g - a +0 spear
Armour
 d - a +0 ring mail (worn)
Scrolls
 b - 2 scrolls of acquirement {unknown}
 c - 2 scrolls of identify {unknown}
 e - a scroll of noise {unknown}
 f - a scroll of enchant armour {unknown}


   Skills:
 + Level 3.6 Fighting
 * Level 5.4 Polearms
 + Level 1.7 Armour
 - Level 2.6 Dodging


You had 2 spell levels left.
You didn't know any spells.
Your spell library was empty.

Dungeon Overview and Level Annotations

Branches:
Dungeon (2/15)

Altars:
Zin


Innate Abilities, Weirdness & Mutations

((You are quick and stealthy near water. (Stealth+, EV+, Speed+++)))
Your lower body shifts to a powerful aquatic tail in water.


Message History

You are too injured to fight recklessly!
You are too injured to fight recklessly!
You are too injured to fight recklessly!
A red film seems to cover your vision as you go berserk!
You feel yourself moving faster!
You feel mighty! The gnoll hits you with a +0 club. The gnoll misses you.
You closely miss the gnoll.
The gnoll is moderately wounded.
The gnoll barely misses you. x2
You hit the gnoll.
The gnoll is severely wounded.
The gnoll closely misses you. x2
You barely miss the gnoll.
The gnoll is severely wounded.
The gnoll misses you. The gnoll hits you with a +0 club.
* * * LOW HITPOINT WARNING * * *
You closely miss the gnoll.
The gnoll is severely wounded.
A gnoll comes into view. It is wielding a +0 whip.
The gnoll barely misses you.
The gnoll hits you from afar with a +0 halberd.
* * * LOW HITPOINT WARNING * * *
You barely miss the gnoll.
The gnoll is severely wounded.
The gnoll hits you with a +0 club.
* * * LOW HITPOINT WARNING * * *
The gnoll barely misses you.
You slash the gnoll!
You kill the gnoll!
Trog accepts your kill.
You have reached level 3!
Your experience leads to an increase in your attributes!
Increase (S)trength, (I)ntelligence, or (D)exterity?
You feel stronger.
Reach: a) +0 glaive
Press: ? - help, Dir - move target, f - gnoll
Aim: a gnoll, wielding a +0 halberd (about 44% to evade your +0 glaive)
You reach to attack!
You closely miss the gnoll.
The gnoll hits you from afar with a +0 halberd!
You die...

..
.....###..#.#########
# ..........#.#
###.#####.#.# #.#
#.#.# #.#.#########
#.#.........#
#.#..######.#
#.#..######.#
#@#........[#
#)##.#####..# #g##.#
#..# #gg..#####..#
#.gg.......##.....#
##########.##.##..#
.##.#...#
##.#...######
#..........#


You could see 3 gnolls.

Vanquished Creatures
  A gnoll (D:2)
  A worm (D:2)
  A dart slug (D:2)
  2 endoplasms (D:1)
  3 goblins
  A hobgoblin (D:2)
  2 ball pythons
  5 bats
  A rat (D:2)
17 creatures vanquished.

Notes
Turn   | Place    | Note
-------+----------+-------------------------------------------
     0 | D:1      | jejorda2 the Merfolk Berserker began the quest for the Orb.
     0 | D:1      | Reached XP level 1. HP: 18/18 MP: 1/1
    32 | D:1      | Found a faded altar of an unknown god.
   390 | D:1      | Reached XP level 2. HP: 19/24 MP: 2/2
   655 | D:2      | Reached skill level 5 in Polearms
   781 | D:2      | Found a glowing silver altar of Zin.
   862 | D:2      | HP: 1/36 [gnoll/+0 club (3)]
   864 | D:2      | Reached XP level 3. HP: 1/30 MP: 3/3
   864 | D:2      | Mangled by a gnoll

Illustrated notes

Levels and vault maps discovered:
D:1:      co_arrival_hall_of_pillars, layout_basic, basic_ecumenical_altar
D:2:      layout_loops_ring, basic_altar, minmay_domino_4

Skill      XL: |  1  2 |
---------------+-------+-----
Polearms       | 5 |  5.4
Fighting       | |  3.6
Armour         | |  1.7
Dodging        | |  2.6

Action                   || total
-------------------------++-------
Melee: Spear             ||    34
       Glaive            ||    24
Invok: Berserk           ||     1
Armor: Animal skin       ||     1
       Ring mail         ||    11
Dodge: Dodged            ||    28

Table legend: (Time is in decaauts)
 A = Elapsed time spent in this place.
 B = Non-inter-level travel time spent in this place.
 C = Inter-level travel time spent in this place.
 D = Time resting spent in this place.
 E = Time spent auto-exploring this place.
 F = Levels seen in this place.
 G = Mean time per level.
                   A        B        C        D        E       F      G
               +--------+--------+--------+--------+--------+-----+--------+
         Total |    866 |    839 |     27 |      0 |    716 |   2 |  433.0 |
       Dungeon |    866 |    839 |     27 |      0 |    716 |   2 |  433.0 |
               +--------+--------+--------+--------+--------+-----+--------+

Top non-repeatable levels by time:
     D:1: 587 daAuts
     D:2: 278 daAuts
